 Dungeon Crawl Stone Soup version 0.31-a0-210-gccc998df9b (webtiles) character file.

Game seed: 10548764383968459631

104 qw the Chopper (level 4, -5/28 HPs)
             Began as a Gargoyle Fighter on June 30, 2023.
             Slain by a gnoll
             ... wielding a +0 halberd
              (8 damage)
             ... on level 3 of the Dungeon.
             The game lasted 00:00:58 (2435 turns).

qw the Chopper (Gargoyle Fighter)                   Turns: 2435, Time: 00:00:59

Health: -5/28      AC: 19    Str: 22    XL:     4   Next: 80%
Magic:  4/4        EV:  8    Int:  8    God:
Gold:   90         SH:  4    Dex:  9    Spells: 3/3 levels left

rFire   . . .        Y - +0 war axe (protect)
rCold   . . .        c - +0 buckler
rNeg    + . .        l - +0 chain mail
rPois   inf          (no helmet)
rElec   +            (no cloak)
rCorr   .            (no gloves)
SInv    .            (no boots)
Will    .....        (no amulet) Stlth
                     (no ring)
HPRegen 0.24/turn    (no ring)
MPRegen 0.09/turn

%: no passive effects
@: under a protective aura
A: sickness immunity, AC +3, negative energy resistance 1, electricity
resistance, torment resistance 1, petrification resistance
a: no special abilities


You were on level 3 of the Dungeon.
You visited 1 branch of the dungeon, and saw 3 of its levels.

You collected 90 gold pieces.


Innate Abilities, Weirdness & Mutations

You are immune to sickness and miasma.
Your stone body is resilient. (AC +3)
You are immune to poison.
You resist negative energy. (rN+)
You are resistant to electric shocks. (rElec)
You are resistant to unholy torment.
You are immune to petrification.


   Skills:
 - Level 3.2 Fighting
 + Level 4.4 Axes
 - Level 3.2 Armour
 - Level 3.2 Shields


You had 3 spell levels left.
You didn't know any spells.
Your spell library was empty.

Inventory:

Hand Weapons
 h - a +0 whip
 Y - a +0 war axe of protection (weapon)
Armour
 c - a +0 buckler (worn)
 l - a +0 chain mail (worn)
Jewellery
 k - an amulet of faith
Scrolls
 g - a scroll of identify
Potions
 a - a potion of mutation {unknown}
 b - 2 potions of curing
 d - 2 potions of might
 e - a potion of attraction
 f - a potion of brilliance {unknown}
 j - a potion of cancellation {unknown}

Dungeon Overview and Level Annotations

Branches:
Dungeon (3/15)

Altars:
The Shining One


Message History

Enter note: You closely miss the gnoll.
The gnoll closely misses you. You block the gnoll's attack.
The gnoll hits you but does no damage. x2
You completely miss the gnoll.
The gnoll hits you from afar with a +0 halberd!
The gnoll hits you but does no damage.
You slash the gnoll!
Your weapon exudes an aura of protection.
The gnoll is almost dead.
The gnoll hits you from afar with a +0 halberd.
The gnoll closely misses you.
2428 ||| DRINKING potion of heal wounds.
You feel much better. You block the gnoll's attack.
The gnoll hits you but does no damage.
You hit the gnoll.
You kill the gnoll!
The gnoll closely misses you. The gnoll hits you with a +0 flail.
The gnoll hits you from afar with a +0 halberd.
You hit the gnoll but do no damage. The gnoll closely misses you.
The gnoll hits you with a +0 flail!
You slash the gnoll!
The gnoll is severely wounded.
The gnoll hits you but does no damage. The gnoll hits you with a +0 flail.
You barely miss the gnoll.
The gnoll is severely wounded.
You block the gnoll's attack. The gnoll closely misses you. x2
The gnoll hits you but does no damage.
You closely miss the gnoll.
The gnoll is severely wounded.
The gnoll hits you from afar with a +0 halberd.
The gnoll closely misses you.
You hit the gnoll but do no damage.
The gnoll is severely wounded.
The gnoll hits you but does no damage. The gnoll closely misses you.
You hit the gnoll but do no damage.
The gnoll is severely wounded.
The gnoll hits you but does no damage. x2
The gnoll hits you from afar with a +0 halberd!
You die...

#....... #.######
#.# #
###########.######
#...............##
#.#########.###...
#.# ##........ #.#
#.....#### #@#
##...## # #g#
##.## # ..g #.# #
..... #.# #
#.#..## ##%## #
#.#..# ##...## #
#.#..# ##..<.<## #
.... ##.......##
#.........##


You could see 2 gnolls.

Vanquished Creatures
  3 gnolls
  An adder (D:2)
  2 worms (D:2)
  4 dart slugs
  An orc (D:3)
  2 ball pythons
  3 bats
  6 endoplasms (D:1)
  A giant cockroach (D:2)
  4 goblins
  4 hobgoblins
  3 jackals (D:1)
  5 kobolds
  5 quokkas
  A frilled lizard (D:1)
  2 rats (D:1)
47 creatures vanquished.

Notes
Turn   | Place    | Note
-------+----------+-------------------------------------------
     0 | D:1      | qw the Gargoyle Fighter began the quest for the Orb.
     0 | D:1      | Reached XP level 1. HP: 14/14 MP: 1/1
     0 | D:1      | 0 ||| qw: Version: 0.3-a-26-gee661ec
     0 | D:1      | 0 ||| qw: Game counter: 7276
     0 | D:1      | 0 ||| qw: Melee chars always use a shield: true
     0 | D:1      | 0 ||| qw: God list: Okawaru
     0 | D:1      | 0 ||| qw: Allow faded altars: false
     0 | D:1      | 0 ||| qw: Do Orc after clearing Dungeon:15 true
     0 | D:1      | 0 ||| qw: Do second Lair branch before Depths: true
     0 | D:1      | 0 ||| qw: Lair rune preference: random
     0 | D:1      | 0 ||| qw: Goals: Normal, Zot:1-4, Slime:5, God:TSO, Crypt,
                  | Tomb, Abyss, Pan, Hells, Win
     0 | D:1      | 0 ||| PLANNING D:1-11
    61 | D:1      | Reached skill level 2 in Axes
    83 | D:1      | Reached XP level 2. HP: 19/19 MP: 2/2
   292 | D:1      | Reached skill level 3 in Axes
   397 | D:1      | Reached XP level 3. HP: 9/23 MP: 3/3
   485 | D:1      | 485 ||| Stepping ~*~*~tactically~*~*~ (stealth).
   537 | D:1      | Found a faded altar of an unknown god.
   858 | D:1      | 858 ||| UPGRADING to +0 chain mail.
   868 | D:1      | 868 ||| DROPPING +0 scale mail.
   869 | D:1      | 869 ||| READING scroll labelled QULYSCHIOCW.
   870 | D:1      | 870 ||| READING scroll labelled IHIURALEOPP.
   971 | D:1      | 971 ||| READING scroll labelled GEUJEI AKHOMNY.
   972 | D:1      | 972 ||| READING scroll labelled SYL AGUTZALE.
   973 | D:1      | 973 ||| READING scroll labelled BUME GEJ YSE.
   974 | D:1      | 974 ||| DRINKING 2 purple potions.
  1331 | D:2      | 1331 ||| Stepping ~*~*~tactically~*~*~ (stealth).
  1333 | D:2      | 1333 ||| Stepping ~*~*~tactically~*~*~ (hiding).
  1522 | D:2      | Reached XP level 4. HP: 28/28 MP: 4/4
  1536 | D:2      | 1536 ||| Stepping ~*~*~tactically~*~*~ (hiding).
  1682 | D:2      | 1682 ||| READING scroll labelled KAFEDI DESHE.
  1683 | D:2      | 1683 ||| READING scroll labelled JURIMA ZOJ.
  1688 | D:2      | 1688 ||| DRINKING 2 emerald potions.
  1689 | D:2      | 1689 ||| DRINKING 2 bubbling coppery potions.
  1714 | D:3      | Reached skill level 4 in Axes
  1839 | D:3      | 1839 ||| Stepping ~*~*~tactically~*~*~ (stealth).
  1841 | D:3      | 1841 ||| Stepping ~*~*~tactically~*~*~ (hiding).
  2065 | D:3      | 2065 ||| DROPPING +0 club.
  2194 | D:3      | Found a glowing golden altar of the Shining One.
  2427 | D:3      | HP: 7/28 [gnoll/+0 halberd (6)]
  2428 | D:3      | 2428 ||| DRINKING potion of heal wounds.
  2433 | D:3      | HP: 2/28 [gnoll/+0 halberd (3)]
  2435 | D:3      | Slain by a gnoll

Levels and vault maps discovered:
D:1:      scummos_arrival_simple_fountains, layout_basic,
          ebering_ecumenical_altar_sacrificial, kennysheep_pointless_box
D:2:      layout_basic, serial_glass, glass_columns_c, glass_columns_b,
          item_on_display_a, due_unseen_surprise, feat_on_display,
          chequers_avenue
D:3:      layout_loops_corners, okawaru_altar_gauntlet_db,
          mainiacjoe_overflow_alcove_1, dreamdust_mushroom_princess,
          chequers_serial_rivers_micro_b, serial_bayou_crossing

Skill      XL: |  1  2  3  4 |
---------------+-------------+-----
Axes           | 2 3 4 |  4.4
Fighting       | |  3.2
Armour         | |  3.2
Shields        | |  3.2

Action                     |  1- 3 |  4- 6 || total
---------------------------+-------+-------++-------
  Melee: War axe           |    80 |    43 ||   123
    Use: Scroll            |     5 |     2 ||     7
         Potion            |     1 |     3 ||     4
 Armour: Scale mail        |    28 |       ||    28
         Chain mail        |     7 |    24 ||    31
  Dodge: Dodged            |    31 |    20 ||    51
  Block: Buckler           |    18 |    11 ||    29

Table legend:
 A = Non-vault XP
 B = Vault XP
 C = Vault XP percentage of total XP
 D = Non-vault monster count
 E = Vault monster count
 F = Vault count percentage of total count
                 A         B        C        D         E       F
            +---------+---------+-------+---------+---------+-------
      Total |     149 |       0 |   0.0 |      47 |       0 |   0.0
            +---------+---------+-------+---------+---------+-------
        D:1 |      56 |       0 |   0.0 |      23 |       0 |   0.0
        D:2 |      42 |       0 |   0.0 |      12 |       0 |   0.0
        D:3 |      51 |       0 |   0.0 |      12 |       0 |   0.0
            +---------+---------+-------+---------+---------+-------
